 Dungeon Sprint DCSS version 0.31-a0-149-g3fdcc5976a (webtiles) character file.

Game seed: 2670895387165416790

3728 rocky1 the Severer (level 9, -3/82 HPs)
             Began as a Minotaur Gladiator on June 7, 2023.
             Was a High Priest of Okawaru.
             Slain by Urug
             ... wielding a +2 demon trident
              (24 damage)
             ... in the Dungeon (Sprint VII: "The Pits").
             The game lasted 00:05:28 (1792 turns).

rocky1 the Severer (Minotaur Gladiator)             Turns: 1792, Time: 00:05:29

Health: -3/82      AC: 19    Str: 26    XL:     9   Next: 92%
Magic:  14/14      EV: 12    Int:  8    God:    Okawaru [*****.]
Gold:   0          SH:  0    Dex: 12    Spells: 8/8 levels left

rFire   + . .        s - +1 broad axe (heavy)
rCold   . . .        (no shield)
rNeg    . . .        u - +4 chain mail
rPois   .            c - +0 hat
rElec   .            (no cloak)
rCorr   .            y - +2 pair of gloves "Tyogehom" {rF+ Stlth+}
SInv    .            (no boots)
Will    .....        (no amulet) Stlth
                     o - +3 ring of strength
HPRegen 0.33/turn    q - +3 ring of intelligence
MPRegen 0.14/turn

%: no teleportation
@: no status effects
A: horns 2, retaliatory headbutt
a: Renounce Religion, Heroism, Finesse


You were in the Dungeon.
You worshipped Okawaru.
Okawaru was extremely pleased with you.
You visited 1 branch

Inventory:

Hand Weapons
 a - a +0 war axe
 s - a +1 heavy broad axe (weapon)
 v - a +2 heavy morningstar
 x - a +1 scimitar of flaming
Missiles
 d - 3 throwing nets (quivered)
 e - a javelin
 n - 4 curare-tipped darts
 w - a silver javelin
Armour
 c - a +0 hat (worn)
 u - a +4 chain mail (worn)
 y - the +2 pair of gloves "Tyogehom" (worn) {rF+ Stlth+}
   (Okawaru gifted it to you in the Dungeon)

   rF:        It protects you from fire.
   Stlth:     It makes you more stealthy.
Jewellery
 o - a +3 ring of strength (left hand)
 q - a +3 ring of intelligence (right hand)
Wands
 b - a wand of roots (4)
Scrolls
 k - a scroll of blinking
 m - 5 scrolls of amnesia
Potions
 f - 3 potions of curing
 g - 9 potions of heal wounds
 h - a potion of haste
 i - 4 potions of magic
 j - 3 potions of berserk rage
 l - a potion of invisibility
 p - 4 potions of brilliance
 r - a potion of resistance


   Skills:
 + Level 8.9 Fighting
 * Level 18.8 Axes
 + Level 3.8 Throwing
 * Level 11.4 Armour
 + Level 9.3 Dodging
 + Level 1.6 Stealth
 + Level 8.3 Invocations


You had 8 spell levels left.
You didn't know any spells.
Your spell library was empty.

Dungeon Overview and Level Annotations

Branches:
Dungeon (1/1)

Altars:
Ashenzari
Cheibriados
Dithmenos
Elyvilon
Fedhas
Gozag
Hepliaklqana
Kikubaaqudgha
Makhleb
Nemelex Xobeh
Okawaru
Qazlal
Ru
Sif Muna
Trog
Uskayaw
Vehumet
Wu Jian
Xom
Yredelemnul
Zin
The Shining One
Jiyva
Lugonu

Annotations:
D Urug


Innate Abilities, Weirdness & Mutations

You have a pair of horns on your head.
You reflexively headbutt those who attack you in melee.


Message History

There is an open door here.
Urug and a kobold demonologist come into view.
Urug shouts!
The kobold demonologist shouts!
Urug throws a javelin.
The javelin pierces through you.
The spriggan rider hits you from afar with a +0 spear.
Unknown command.
The spriggan rider hits you from afar with a +0 spear!!
There is an open door, spattered with blood here.
The spriggan rider barely misses you.
You cut the spriggan rider into ribbons!!!
The spriggan rider is severely wounded.
Urug screams, "Payback for my eye!"
The kobold demonologist mumbles some strange words.
The spriggan rider barely misses you. You furiously retaliate!
You headbutt the spriggan rider. Urug barely misses you.
Unknown command.
You feel much better.
The spriggan rider hits you with a +0 spear!
Urug hits you from afar with a +2 demon trident!
You barely miss the spriggan rider.
Your headbutt misses the spriggan rider.
The spriggan rider is severely wounded.
The spriggan rider hits you with a +0 spear!
The kobold demonologist casts a spell.
Urug hits you from afar with a +2 demon trident!
You barely miss the spriggan rider.
You headbutt the spriggan rider, but do no damage.
The spriggan rider is severely wounded.
The crimson imp disappears in a puff of smoke!
The white imp disappears in a puff of smoke!
The spriggan rider hits you with a +0 spear.
The crimson imp blinks!
Urug hits you but does no damage.
The kobold demonologist looks braver for a moment.
You closely miss the spriggan rider.
Your headbutt misses the spriggan rider.
The spriggan rider is severely wounded.
The spriggan rider hits you with a +0 spear!
* * * LOW HITPOINT WARNING * * *
Urug hits you from afar with a +2 demon trident!!
You die...

...##..#..##...##..+
...##..#..#.....#..#
#####..'..'.....+..+ +
#####..#..#.....#..# .#
.[.##..#..##...##..+ ..#
..[##..##..##'##..##...#
[.)##..)##.+...'.##.5...
.))##....###...###o5.#
.).##......#...'@isK#
#####################


You could see Urug, a spriggan rider, a kobold demonologist, a tarantella and 2
white imps.

Vanquished Creatures
  Sonja (D)
  A lindwurm (D)
  A deep elf pyromancer (D)
  An orc knight (D)
  An efreet (D)
  A freezing wraith (D)
  A snapping turtle (D)
  A flying skull (D)
  2 wargs (D)
  A water moccasin (D)
  A floating eye (D)
  A swamp drake (D)
  An ogre (D)
  An orc warrior (D)
  Pargi (D)
  A phantom (D)
  A gnoll bouda (D)
  2 orc wizards (D)
  A hell rat (D)
  A small abomination (D)
  4 gnolls (D)
  A white imp (D)
  4 orcs (D)
  A bat (D)
  A bat skeleton (D)
  An endoplasm (D)
  A goblin (D)
  2 hobgoblins (D)
  7 jackals (D)
  2 kobolds (D)
  A ball python skeleton (D)
  2 frilled lizards (D)
  A rat (D)
50 creatures vanquished.

Notes
Turn   | Place    | Note
-------+----------+-------------------------------------------
     0 | D        | rocky1 the Minotaur Gladiator began the quest for the Orb.
     0 | D        | Reached XP level 1. HP: 18/18 MP: 0/0
    17 | D        | Reached skill level 4 in Axes
    21 | D        | Found a bloodstained altar of Trog.
    21 | D        | Found a shimmering blue altar of Sif Muna.
    21 | D        | Found a viscous altar of Jiyva.
    21 | D        | Found a hazy altar of Hepliaklqana.
    21 | D        | Found an opulent altar of Gozag.
    22 | D        | Found a glowing golden altar of the Shining One.
    22 | D        | Found a glowing silver altar of Zin.
    22 | D        | Found a basalt altar of Yredelemnul.
    22 | D        | Found a shimmering altar of Xom.
    22 | D        | Found an ornate altar of the Wu Jian Council.
    22 | D        | Found a sacrificial altar of Ru.
    22 | D        | Found a stormy altar of Qazlal.
    22 | D        | Found an iron altar of Okawaru.
    22 | D        | Found a sparkling altar of Nemelex Xobeh.
    22 | D        | Found a burning altar of Makhleb.
    22 | D        | Found a blossoming altar of Fedhas.
    22 | D        | Found a white marble altar of Elyvilon.
    22 | D        | Found a shadowy altar of Dithmenos.
    22 | D        | Found a snail-covered altar of Cheibriados.
    24 | D        | Found a radiant altar of Vehumet.
    24 | D        | Found a corrupted altar of Lugonu.
    25 | D        | Found a hide-covered altar of Uskayaw.
    25 | D        | Found an ancient bone altar of Kikubaaqudgha.
    25 | D        | Found a broken altar of Ashenzari.
    30 | D        | Became a worshipper of Warmaster Okawaru
    81 | D        | Noticed a floating eye
    83 | D        | Killed a floating eye
    83 | D        | Reached * piety under Okawaru
    84 | D        | Reached skill level 8 in Axes
    84 | D        | Reached skill level 5 in Dodging
    84 | D        | Reached XP level 2. HP: 26/26 MP: 0/2
    84 | D        | Reached XP level 3. HP: 31/31 MP: 0/3
    84 | D        | Reached XP level 4. HP: 38/38 MP: 0/4
   244 | D        | Noticed Pargi
   250 | D        | Killed Pargi
   250 | D        | Reached ** piety under Okawaru
   251 | D        | Reached skill level 10 in Axes
   251 | D        | Reached XP level 5. HP: 46/46 MP: 6/6
   333 | D        | Noticed an ogre
   333 | D        | Noticed a water moccasin
   337 | D        | Killed an ogre
   338 | D        | Reached skill level 11 in Axes
   338 | D        | Reached skill level 5 in Armour
   338 | D        | Reached XP level 6. HP: 52/52 MP: 4/8
   341 | D        | Killed a water moccasin
   342 | D        | Reached skill level 12 in Axes
   600 | D        | Reached skill level 5 in Invocations
   647 | D        | Noticed an orc knight
   647 | D        | Noticed a warg
   647 | D        | Noticed a warg
   647 | D        | Noticed a lindwurm
   657 | D        | Killed a lindwurm
   657 | D        | Reached *** piety under Okawaru
   658 | D        | Reached skill level 5 in Fighting
   658 | D        | Reached skill level 14 in Axes
   658 | D        | Reached XP level 7. HP: 62/62 MP: 6/10
   661 | D        | Reached **** piety under Okawaru
   662 | D        | Reached XP level 8. HP: 70/70 MP: 7/11
   665 | D        | Reached skill level 15 in Axes
   673 | D        | Killed an orc knight
   674 | D        | Reached skill level 16 in Axes
   906 | D        | Noticed Sonja
   919 | D        | Killed Sonja
   919 | D        | Reached ***** piety under Okawaru
   920 | D        | Reached skill level 17 in Axes
   920 | D        | Reached XP level 9. HP: 16/79 MP: 13/13
  1186 | D        | Noticed an efreet
  1190 | D        | Killed an efreet
  1190 | D        | Received a gift from Okawaru
  1338 | D        | Reached skill level 18 in Axes
  1338 | D        | Reached skill level 10 in Armour
  1344 | D        | Reached skill level 1 in Stealth
  1505 | D        | Noticed a freezing wraith
  1509 | D        | Killed a freezing wraith
  1740 | D        | Noticed a deep elf pyromancer
  1746 | D        | Killed a deep elf pyromancer
  1746 | D        | Identified the +2 pair of gloves "Tyogehom" {rF+ Stlth+}
                  | (Okawaru gifted it to you in the Dungeon)
  1746 | D        | Received a gift from Okawaru
  1783 | D        | Noticed a spriggan rider
  1785 | D        | Noticed Urug
  1785 | D        | Noticed a kobold demonologist
  1792 | D        | Slain by Urug

Illustrated notes

Levels and vault maps discovered:
D:        pitsprint [storerooms_1, entrance_room_1, metal_vault_6, armoury_1,
          mini_pit_1, grid_room_1, main_hall_1, silver_pit, the_coven_1,
          the_vestibule_1, steel_vault_2, golden_pit, hallway_of_sentries,
          crystal_vault_4, iron_vault_3, final_vault]

Skill      XL: |  1  2  3  4  5  6  7  8  9 |
---------------+----------------------------+-----
Axes           | 8 10 11 14 17 18 | 18.8
Dodging        | 5 6 7 8 9 |  9.3
Fighting       | 3 4 5 6 7 8 |  8.9
Armour         | 3 4 5 7 9 11 | 11.4
Invocations    | 2 3 4 6 7 8 |  8.3
Throwing       | 3 |  3.8
Stealth        | 1 |  1.6

Action                     |  1- 3 |  4- 6 |  7- 9 || total
---------------------------+-------+-------+-------++-------
  Melee: War axe           |    11 |    48 |    15 ||    74
         Headbutt          |     2 |     7 |     9 ||    18
         Punch             |       |     2 |     1 ||     3
         Broad axe         |       |       |    43 ||    43
 Invoke: Heroism           |       |     2 |       ||     2
    Use: Potion            |       |     3 |     4 ||     7
   Stab: Invisible         |       |       |     1 ||     1
         Confused          |       |       |     1 ||     1
 Armour: Leather armour    |     1 |     2 |       ||     3
         Chain mail        |       |    17 |    34 ||    51
  Dodge: Dodged            |     7 |    23 |    39 ||    69

Table legend: (Time is in decaauts)
 A = Elapsed time spent in this place.
 B = Non-inter-level travel time spent in this place.
 C = Inter-level travel time spent in this place.
 D = Time resting spent in this place.
 E = Time spent auto-exploring this place.
 F = Levels seen in this place.
 G = Mean time per level.
                   A        B        C        D        E       F      G
               +--------+--------+--------+--------+--------+-----+--------+
         Total |   1804 |   1740 |     64 |   1267 |      0 |   1 | 1804.0 |
       Dungeon |   1804 |   1740 |     64 |   1267 |      0 |   1 | 1804.0 |
               +--------+--------+--------+--------+--------+-----+--------+

Top non-repeatable levels by time:
       D: 1804 daAuts
